 Dungeon Sprint DCSS version 0.30-a0-118-ga018f8e90f (webtiles) character file.

Game seed: 5059794088146868457

521 mhtbhm the Geomancer (level 7, -1/39 HPs)
             Began as a Gargoyle Earth Elementalist on Sept 13, 2022.
             Was an Elder of Vehumet.
             Slain by a snapping turtle (26 damage)
             ... in the Dungeon (Sprint VII: "The Pits").
             The game lasted 00:01:57 (341 turns).

mhtbhm the Geomancer (Gargoyle Earth Elementalist)   Turns: 341, Time: 00:01:57

Health: -1/39      AC:  6    Str: 11    XL:     7   Next: 21%
Magic:  6/18       EV: 12    Int: 18    God:    Vehumet [****..]
Gold:   0          SH:  0    Dex: 10    Spells: 12/22 levels left

rFire   . . .      SeeInvis .    k - +4 flail (vorpal)
rCold   . . .      Faith    .    (no shield)
rNeg    + . .      Spirit   .    a - +0 robe
rPois   ∞          Reflect  .    (no helmet)
rElec   +          Harm     .    (no cloak)
rCorr   .          Rampage  .    (no gloves)
Will    .....      NoTele   +    (no boots)
Stlth   ++........               (no amulet)
HPRegen 0.13/turn                (no ring)
MPRegen 0.16/turn                (no ring)

@: no status effects
A: sickness immunity, AC +4, negative energy resistance 1, electricity
resistance, torment resistance 1, petrification resistance
a: Renounce Religion


You were in the Dungeon.
You worshipped Vehumet.
Vehumet was greatly pleased with you.
You visited 1 branch

Inventory:

Hand Weapons
 k - a +4 vorpal flail (weapon)
Armour
 a - a +0 robe (worn)
Scrolls
 g - a scroll of blinking
 i - 5 scrolls of amnesia
 j - a scroll of summoning
Potions
 b - 4 potions of magic
 c - 6 potions of curing
 d - 4 potions of heal wounds
 e - a potion of haste
 f - 3 potions of berserk rage
 h - 2 potions of invisibility


   Skills:
 + Level 1.8 Fighting
 + Level 4.0 Dodging
 + Level 4.5 Stealth
 + Level 8.3 Spellcasting
 + Level 0.7 Conjurations
 + Level 1.0 Transmutations
 + Level 13.0 Earth Magic


You had 12 spell levels left.
You knew the following spells:

 Your Spells              Type           Power      Damage    Failure   Level
a - Sandblast             Erth           100%       2d20      1%          1
b - Passwall              Tmut/Erth      26%        N/A       1%          2
c - Stone Arrow           Conj/Erth      64%        3d11      1%          3
d - Petrify               Tmut/Erth      32%        N/A       5%          4

Your spell library contained the following spells:

 Spells                   Type           Power      Damage    Failure   Level
 Magic Dart               Conj           40%        1d5       1%          1


Dungeon Overview and Level Annotations

Branches:
Dungeon (1/1)

Altars:
Ashenzari
Cheibriados
Dithmenos
Elyvilon
Fedhas
Gozag
Hepliaklqana
Kikubaaqudgha
Makhleb
Nemelex Xobeh
Okawaru
Qazlal
Ru
Sif Muna
Trog
Uskayaw
Vehumet
Wu Jian
Xom
Yredelemnul
Zin
The Shining One
Jiyva
Lugonu


Innate Abilities, Weirdness & Mutations

You are immune to sickness and miasma.
Your stone body is resilient. (AC +4)
You are immune to poison.
You resist negative energy. (rN+)
You are resistant to electric shocks. (rElec)
You are resistant to unholy torment.
You are immune to petrification.


Message History

You feel your power returning.
There is an open door here.
You open the door.
A snapping turtle comes into view.
Unknown command.
Casting: Sandblast (safe; 1% risk of failure)
Confirm with . or Enter, or press ? or * to list all spells.
The spell is quite dangerous to miscast (5% risk of failure)!
Continue anyway?
Aiming: Petrify (quite dangerous; 5% risk of failure)
Press: ? - help, Shift-Dir - straight line, f - snapping turtle
Aim: a snapping turtle (asleep, chance to affect: 44%)
The snapping turtle hisses angrily.
The snapping turtle resists with some effort.
The snapping turtle bites you from afar.
Unknown command.
Unknown command.
Casting: Petrify (quite dangerous; 5% risk of failure)
Confirm with . or Enter, or press ? or * to list all spells.
The spell is quite dangerous to miscast (5% risk of failure)!
Continue anyway?
Aiming: Petrify (quite dangerous; 5% risk of failure)
Press: ? - help, Shift-Dir - straight line, f/p - snapping turtle
Aim: a snapping turtle (chance to affect: 44%)
The snapping turtle resists with some effort.
The snapping turtle closely misses you.
Unknown command.
Unknown command.
Casting: Petrify (quite dangerous; 5% risk of failure)
Confirm with . or Enter, or press ? or * to list all spells.
The spell is quite dangerous to miscast (5% risk of failure)!
Continue anyway?
Aiming: Petrify (quite dangerous; 5% risk of failure)
Press: ? - help, Shift-Dir - straight line, f/p - snapping turtle
Aim: a snapping turtle (chance to affect: 44%)
The snapping turtle is moving more slowly.
The snapping turtle bites you from afar!!
Ouch! That really hurt!
* * * LOW HITPOINT WARNING * * *
You feel much better.
The snapping turtle bites you from afar!!
Ouch! That really hurt!
You die...

#.#..[)))..##.......#
#'###########.......#
#.......# #########
#..###..# #.......#
##.###.##+#
#.......#t+
#..###..#'#
#.......'@#
###########


You could see a snapping turtle (petrifying).

Vanquished Creatures
  A floating eye (D)
  An orc warrior (D)
  A centaur (D)
  A phantom (D)
  A necrophage (D)
  A scorpion (D)
  A quasit (D)
  A gnoll (D)
  2 orcs (D)
  2 endoplasms (D)
  2 goblins (D)
  A kobold (D)
  A quokka (D)
  A ball python zombie (D)
  A frilled lizard (D)
  A rat (D)
19 creatures vanquished.

Notes
Turn   | Place    | Note
-------+----------+-------------------------------------------
     0 | D        | mhtbhm the Gargoyle Earth Elementalist began the quest for
                  | the Orb.
     0 | D        | Reached XP level 1. HP: 10/10 MP: 3/3
    15 | D        | Noticed a floating eye
    18 | D        | Killed a floating eye
    19 | D        | Reached skill level 1 in Transmutations
    19 | D        | Reached skill level 8 in Earth Magic
    19 | D        | Reached XP level 2. HP: 15/15 MP: 0/7
    19 | D        | Reached XP level 3. HP: 19/19 MP: 0/8
    19 | D        | Reached XP level 4. HP: 24/24 MP: 0/10
    22 | D        | Learned a level 2 spell: Passwall
    26 | D        | Learned a level 3 spell: Stone Arrow
    31 | D        | Learned a level 4 spell: Petrify
    36 | D        | Found a bloodstained altar of Trog.
    36 | D        | Found a shimmering blue altar of Sif Muna.
    36 | D        | Found a viscous altar of Jiyva.
    36 | D        | Found a hazy altar of Hepliaklqana.
    36 | D        | Found an opulent altar of Gozag.
    37 | D        | Found a glowing golden altar of the Shining One.
    37 | D        | Found a glowing silver altar of Zin.
    37 | D        | Found a basalt altar of Yredelemnul.
    37 | D        | Found a shimmering altar of Xom.
    37 | D        | Found an ornate altar of the Wu Jian Council.
    37 | D        | Found a sacrificial altar of Ru.
    37 | D        | Found a stormy altar of Qazlal.
    37 | D        | Found an iron altar of Okawaru.
    37 | D        | Found a sparkling altar of Nemelex Xobeh.
    37 | D        | Found a burning altar of Makhleb.
    37 | D        | Found a blossoming altar of Fedhas.
    37 | D        | Found a white marble altar of Elyvilon.
    37 | D        | Found a shadowy altar of Dithmenos.
    37 | D        | Found a snail-covered altar of Cheibriados.
    39 | D        | Found a radiant altar of Vehumet.
    39 | D        | Found a corrupted altar of Lugonu.
    40 | D        | Found a hide-covered altar of Uskayaw.
    40 | D        | Found an ancient bone altar of Kikubaaqudgha.
    40 | D        | Found a broken altar of Ashenzari.
    49 | D        | Became a worshipper of Vehumet
   116 | D        | Reached * piety under Vehumet
   116 | D        | Offered knowledge of Shock by Vehumet.
   117 | D        | Reached skill level 9 in Earth Magic
   162 | D        | Reached ** piety under Vehumet
   163 | D        | Reached XP level 5. HP: 24/28 MP: 4/12
   264 | D        | Noticed a phantom
   264 | D        | Noticed a centaur
   272 | D        | Offered knowledge of Magic Dart by Vehumet.
   272 | D        | Reached *** piety under Vehumet
   273 | D        | Reached skill level 5 in Spellcasting
   273 | D        | Reached skill level 10 in Earth Magic
   274 | D        | Killed a centaur
   275 | D        | Reached skill level 1 in Fighting
   275 | D        | Reached skill level 11 in Earth Magic
   275 | D        | Reached XP level 6. HP: 22/34 MP: 11/15
   278 | D        | Noticed an orc warrior
   279 | D        | Reached skill level 12 in Earth Magic
   281 | D        | Reached **** piety under Vehumet
   297 | D        | Killed an orc warrior
   298 | D        | Reached skill level 13 in Earth Magic
   298 | D        | Reached XP level 7. HP: 25/39 MP: 16/18
   337 | D        | Noticed a snapping turtle
   341 | D        | Slain by a snapping turtle

Illustrated notes

Levels and vault maps discovered:
D:        pitsprint [storerooms_1, entrance_room_1, metal_vault_8, armoury_2,
          mini_pit_1, grid_room_1, main_hall_1, silver_pit, the_coven_3,
          the_vestibule_1, steel_vault_4, golden_pit, hallway_of_sentries,
          crystal_vault_6, iron_vault_1, final_vault]

Skill      XL: |  1  2  3  4  5  6 |
---------------+-------------------+-----
Dodging        | 3 4 |  4.0
Stealth        | 3 4 |  4.5
Spellcasting   | 4 6 8 |  8.3
Transmutations | 1 |  1.0
Earth Magic    | 8 9 11 13 | 13.0
Fighting       | 1 |  1.8
Conjurations   | |  0.7

Action                   |  1- 3 |  4- 6 |  7- 9 || total
-------------------------+-------+-------+-------++-------
 Cast: Sandblast         |     3 |    26 |     2 ||    31
       Stone Arrow       |       |     4 |       ||     4
       Petrify           |       |       |     3 ||     3
  Use: Potion            |       |     2 |     1 ||     3
Armor: Robe              |       |     8 |       ||     8
Dodge: Dodged            |       |    17 |     1 ||    18

Table legend: (Time is in decaauts)
 A = Elapsed time spent in this place.
 B = Non-inter-level travel time spent in this place.
 C = Inter-level travel time spent in this place.
 D = Time resting spent in this place.
 E = Time spent auto-exploring this place.
 F = Levels seen in this place.
 G = Mean time per level.
                   A        B        C        D        E       F      G
               +--------+--------+--------+--------+--------+-----+--------+
         Total |    355 |    355 |      0 |    102 |     24 |   1 |  355.0 |
       Dungeon |    355 |    355 |      0 |    102 |     24 |   1 |  355.0 |
               +--------+--------+--------+--------+--------+-----+--------+

Top non-repeatable levels by time:
       D: 355 daAuts
